[Event "ICCopen2017"]
[Site "Internet Chess Club"]
[Date "2017.04.02"]
[Round "2"]
[White "MrBoris"]
[Black "Sertoespj"]
[Result "1-0"]
[ICCResult "Black resigns"]
[WhiteElo "1938"]
[BlackElo "2188"]
[Opening "Nimzo-Indian: classical variation"]
[ECO "E32"]
[NIC "NI.20"]
[Time "19:15:25"]
[TimeControl "180+0"]

1. d4 Nf6 2. c4 e6 3. Nc3 Bb4 4. Qc2 O-O 5. a3 Bxc3+ 6. Qxc3 b6 7. Bg5 Bb7
8. e3 d6 9. Ne2 Nbd7 10. Qd3 c5 11. Nc3 Re8 12. Rd1 Qc8 13. f3 cxd4 14. Qxd4
d5 15. cxd5 exd5 16. Bb5 Re6 17. O-O a6 18. Bd3 Re8 19. Bf5 Qc6 20. Rc1 Qc5
21. b4 Qxd4 22. exd4 h6 23. Bh4 g6 24. Bd3 Rac8 25. b5 a5 26. Na4 Kg7 27.
Rfd1 g5 28. Bf2 Rxc1 29. Rxc1 Rc8 30. Rxc8 Bxc8 31. g4 Ne8 32. Bg3 Kf6 33.
Bf5 Ke7 34. Bxd7 Bxd7 35. Nxb6 Bxb5 36. Nxd5+ Ke6 37. Nc3 Bc4 38. Kf2 Nf6
39. h4 Nd5 40. Ne4 Bd3 41. Nc5+ Kf6 42. Nxd3 a4 43. hxg5+ hxg5 44. Be5+ Ke6
45. Nc5+ Ke7 46. Nxa4 f6 47. Bg3 Ke6 48. Nc5+ Ke7 49. a4 Nb4 50. a5 Kd8 51.
a6 Nc6 52. Bb8 Kc8 53. a7 {Black resigns} 1-0

[Event "ICCopen2017"]
[Site "Internet Chess Club"]
[Date "2017.04.02"]
[Round "2"]
[White "blunder23"]
[Black "dynamo"]
[Result "0-1"]
[ICCResult "White forfeits on time"]
[WhiteElo "1501"]
[BlackElo "1769"]
[Opening "QGD: classical variation (5.Bf4)"]
[ECO "D37"]
[NIC "QO.04"]
[Time "19:15:17"]
[TimeControl "180+0"]

1. d4 d5 2. c4 e6 3. Nc3 Nf6 4. Nf3 Be7 5. Bf4 O-O 6. e3 Nbd7 7. Bd3 h6 8.
O-O c6 9. cxd5 exd5 10. Ne5 Re8 11. Qf3 Nf8 12. Qg3 Nh5 13. Qf3 Nxf4 14.
exf4 Bf6 15. g4 Bxe5 16. dxe5 Qh4 17. Bf5 Bxf5 18. gxf5 Rad8 19. Kh1 Kh8 20.
Rg1 Nh7 21. Rg4 Qe7 22. Rag1 Rg8 23. Qg3 f6 24. e6 d4 25. Nd1 c5 26. b3 b5
27. Nb2 Rd5 28. h4 Rxf5 29. Re1 Re8 30. Nd3 c4 31. bxc4 bxc4 32. Nc1 d3 33.
Re3 d2 34. Qg1 dxc1=Q 35. Qxc1 Qc5 36. Qxc4 Qxc4 {White forfeits on time}
0-1

[Event "ICCopen2017"]
[Site "Internet Chess Club"]
[Date "2017.04.02"]
[Round "2"]
[White "FGM21"]
[Black "Commando"]
[Result "0-1"]
[ICCResult "White checkmated"]
[WhiteElo "1899"]
[BlackElo "2510"]
[Opening "Sicilian"]
[ECO "B56"]
[NIC "SI.25"]
[Time "19:15:16"]
[TimeControl "180+0"]

1. e4 c5 2. Nf3 Nc6 3. d4 cxd4 4. Nxd4 Nf6 5. Nc3 d6 6. f3 e5 7. Nb3 Be6 8.
Be3 a5 9. Nd5 Bxd5 10. exd5 Nb8 11. c4 Nbd7 12. Bd3 b6 13. O-O Be7 14. Nd2
O-O 15. b3 Nh5 16. Qc2 g6 17. Bh6 Re8 18. Rae1 Bg5 19. Bxg5 Qxg5 20. Ne4 Qe7
21. g3 f5 22. Nc3 Qg5 23. Kh1 Nc5 24. Nb5 Rad8 25. Be2 f4 26. g4 Nf6 27. Rg1
e4 28. fxe4 Rxe4 29. Bf3 Re3 30. Rxe3 fxe3 31. a3 Qf4 32. Rg3 Nfe4 33. Bxe4
Nxe4 34. Rg2 Qf1+ 35. Rg1 Nf2+ 36. Qxf2 Qxf2 37. Nd4 e2 38. Nc2 Rf8 39. h3
Qf3+ 40. Kh2 Qe4 41. Ne1 Rf2+ 42. Kg3 Qe3+ 43. Kh4 Rh2 44. Rg3 Qh6#
{White checkmated}
0-1

[Event "ICCopen2017"]
[Site "Internet Chess Club"]
[Date "2017.04.02"]
[Round "2"]
[White "Kusox"]
[Black "jefferyx"]
[Result "0-1"]
[ICCResult "White forfeits on time"]
[WhiteElo "2105"]
[BlackElo "2798"]
[Opening "King's Indian: East Indian defense"]
[ECO "A48"]
[NIC "QP.06"]
[Time "19:15:25"]
[TimeControl "180+0"]

1. d4 Nf6 2. Nf3 g6 3. c3 Bg7 4. Bf4 O-O 5. e3 b6 6. Nbd2 Bb7 7. Be2 d6 8.
O-O Nbd7 9. h3 Qe8 10. Bh2 e5 11. dxe5 dxe5 12. a4 a5 13. Qc2 Qe7 14. Rfd1
Rfe8 15. Bb5 Red8 16. Rac1 Ne8 17. Ne4 h6 18. Bxd7 Rxd7 19. Rxd7 Qxd7 20.
Rd1 Qf5 21. Nfd2 Rd8 22. Rc1 Qd7 23. Nf1 Qc6 24. f3 Ba6 25. Rd1 Rxd1 26.
Qxd1 f5 27. Nf2 Nd6 28. e4 fxe4 29. Nxe4 Nxe4 30. fxe4 Qxe4 31. Qf3 Qxa4 32.
Qa8+ Kh7 33. Qxa6 Qc2 34. Qb5 a4 35. Bxe5 Qf5 36. Qxa4 Qxe5 37. Qd7 Qc5+ 38.
Kh1 b5 39. Qd3 b4 40. cxb4 Qxb4 41. b3 Qe1 42. g4 Qf2 43. Qb5 Qf3+ 44. Kg1
Qxh3 45. Qd7 c5 46. Nd2 Qe3+ 47. Kg2 Qe2+ 48. Kh1 Qf2 49. Nc4 Qf1+ 50. Kh2
Qe2+ 51. Kg3 h5 52. gxh5 Qxh5 53. Nd6 Qg5+ 54. Kf3 Qd5+ 55. Kg4 Qd4+ 56. Kf3
Qd3+ 57. Kg4 Qd1+ 58. Kf4 Qxb3 59. Ne4 Kh6 60. Qh3+ Qxh3
{White forfeits on time}
0-1

[Event "ICCopen2017"]
[Site "Internet Chess Club"]
[Date "2017.04.02"]
[Round "2"]
[White "WobblySquares"]
[Black "SeventhWill"]
[Result "0-1"]
[ICCResult "White resigns"]
[WhiteElo "1575"]
[BlackElo "2423"]
[Opening "Sicilian"]
[ECO "B50"]
[NIC "SI.01"]
[Time "19:16:12"]
[TimeControl "180+0"]

1. e4 c5 2. Nf3 d6 3. c3 Nf6 4. d3 g6 5. Be2 Bg7 6. Nbd2 e5 7. Nf1 O-O 8.
Ng3 Nc6 9. O-O h6 10. h3 Be6 11. Be3 b6 12. Qd2 d5 13. Bxh6 d4 14. Bxg7 Kxg7
15. Qg5 Rh8 16. Nf5+ Bxf5 17. exf5 Nd5 18. Qg4 Nf4 19. Rfe1 Qf6 20. fxg6 Ne7
21. gxf7+ Kxf7 22. Qd7 Rad8 23. Qg4 Rhg8 24. Qh4 Nxg2 25. Qxf6+ Kxf6 26. Kh2
Nxe1 27. Rxe1 Nd5 28. Bf1 Rde8 29. Bg2 Nf4 30. Bh1 dxc3 31. bxc3 Nxd3 32.
Re4 Nf4 33. Nxe5 Rxe5 34. Rxf4+ Rf5 35. Rxf5+ Kxf5 36. Bf3 Kf4 37. Bd1 b5
38. h4 b4 39. cxb4 cxb4 40. h5 Rd8 41. Bb3 Kg5 42. Kg2 Kxh5 43. Kg3 Kg5 44.
f4+ Kf6 45. f5 Rd4 46. Be6 Ke5 47. Kf3 a5 48. Ke3 Rh4 49. Bd7 Rh3+ 50. Kd2
Rh2+ 51. Ke3 Rxa2 52. Be6 Ra3+ 53. Kf2 a4 {White resigns} 0-1

[Event "ICCopen2017"]
[Site "Internet Chess Club"]
[Date "2017.04.02"]
[Round "2"]
[White "Jude"]
[Black "Pashket"]
[Result "0-1"]
[ICCResult "White resigns"]
[WhiteElo "1927"]
[BlackElo "2641"]
[Opening "French: Tarrasch, open variation"]
[ECO "C07"]
[NIC "FR.19"]
[Time "19:16:30"]
[TimeControl "180+0"]

1. e4 e6 2. d4 d5 3. Nd2 c5 4. exd5 Qxd5 5. Ngf3 cxd4 6. Bc4 Qd7 7. O-O Nf6
8. Nb3 Nc6 9. Nbxd4 Nxd4 10. Nxd4 a6 11. c3 Qc7 12. Qe2 Bd6 13. h3 O-O 14.
Rd1 b5 15. Bd3 Bb7 16. Bg5 Bh2+ 17. Kh1 Be5 18. Bc2 h6 19. Be3 Rfd8 20. a4
bxa4 21. Rxa4 Nd5 22. Qd3 Nxe3 23. Qh7+ Kf8 24. fxe3 Bf6 25. Raa1 Ke7 26.
Rac1 Qg3 27. Rd2 Qxh3+ 28. Kg1 Qxe3+ 29. Rf2 Qxc1+ 30. Kh2 Be5+ 31. Kh3 Qe3+
32. Rf3 {White resigns} 0-1

[Event "ICCopen2017"]
[Site "Internet Chess Club"]
[Date "2017.04.02"]
[Round "2"]
[White "ShiningPath"]
[Black "JimboPi"]
[Result "1-0"]
[ICCResult "Black resigns"]
[WhiteElo "2690"]
[BlackElo "1573"]
[Opening "Trompowsky attack (Ruth, Opocenský opening)"]
[ECO "A45"]
[NIC "QP.07"]
[Time "19:16:10"]
[TimeControl "180+0"]

1. d4 Nf6 2. Bg5 e6 3. e3 d5 4. Bd3 c5 5. c3 Nc6 6. Nd2 h6 7. Bh4 Bd6 8. f4
b6 9. Ngf3 Bb7 10. Ne5 Qc7 11. O-O c4 12. Bc2 O-O-O 13. b3 cxb3 14. axb3 Kb8
15. Bd3 Rhg8 16. b4 Rc8 17. Qa4 Bxe5 18. fxe5 Ne8 19. c4 g5 20. Bg3 Ng7 21.
c5 Rcf8 22. Nb3 f6 23. exf6 Ne8 24. Bxc7+ {Black resigns} 1-0

[Event "ICCopen2017"]
[Site "Internet Chess Club"]
[Date "2017.04.02"]
[Round "2"]
[White "carbonero1969"]
[Black "giannouliselias"]
[Result "1-0"]
[ICCResult "Black checkmated"]
[WhiteElo "1787"]
[BlackElo "1493"]
[Opening "Sicilian: closed"]
[ECO "B23"]
[NIC "SI.44"]
[Time "19:15:46"]
[TimeControl "180+0"]

1. e4 c5 2. Nc3 d6 3. g3 Nf6 4. Bg2 g6 5. Nge2 Bg7 6. d3 O-O 7. Bg5 Nc6 8.
Qd2 a6 9. Bh6 Be6 10. h4 Rb8 11. h5 Qc7 12. hxg6 fxg6 13. Bxg7 Kxg7 14. Qh6+
Kg8 15. Nf4 Bf7 16. Bh3 e5 17. Ne6 Bxe6 18. Bxe6+ Kh8 19. Qxg6 Qg7 20. Qxg7+
Kxg7 21. Bd5 Nxd5 22. Nxd5 Nd4 23. Ne3 Rf3 24. Rc1 Rbf8 25. Rf1 R3f7 26. c3
Nf3+ 27. Ke2 Ng5 28. Nf5+ Kg6 29. Nxd6 Rd7 30. Nf5 Rfd8 31. Rcd1 Ne6 32. f4
exf4 33. gxf4 Ng7 34. Rg1+ Kf6 35. Rxg7 Rxg7 36. Nxg7 Kxg7 37. Rg1+ Kf6 38.
Ke3 h5 39. d4 cxd4+ 40. cxd4 h4 41. e5+ Ke6 42. Ke4 h3 43. Rh1 Rh8 44. d5+
Ke7 45. d6+ Ke6 46. f5+ Kd7 47. Kd5 h2 48. e6+ Ke8 49. Ke5 Rh6 50. b4 b5 51.
a3 Kd8 52. d7 Ke7 53. Rd1 h1=Q 54. d8=Q# {Black checkmated} 1-0

[Event "ICCopen2017"]
[Site "Internet Chess Club"]
[Date "2017.04.02"]
[Round "2"]
[White "yijiqishi"]
[Black "aplusk"]
[Result "0-1"]
[ICCResult "White checkmated"]
[WhiteElo "1938"]
[BlackElo "2671"]
[Opening "Polish defense"]
[ECO "A40"]
[NIC "QO.17"]
[Time "19:15:45"]
[TimeControl "180+0"]

1. d4 b5 2. e4 a6 3. Bd3 Bb7 4. a3 e6 5. Ne2 Nf6 6. Nbc3 c5 7. dxc5 Bxc5 8.
O-O Nc6 9. Kh1 Ng4 10. Qe1 Qh4 11. Bf4 Nxf2+ 12. Rxf2 Qxf2 13. Qd2 Nd4 14.
Bg3 Qf6 15. e5 Qh6 16. Bf4 Qh4 17. Nxd4 Bxd4 18. Ne4 Bxe4 19. Bxe4 Rd8 20.
c3 Bxe5 21. Bxe5 Qxe4 22. Bxg7 Rg8 23. Bf6 d5 24. Bxd8 Kxd8 25. Re1 Qg4 26.
h3 Qg5 27. Qf2 Ke8 28. Re3 Rg6 29. Rf3 f5 30. Re3 f4 31. Re2 Qf5 32. Qf3 Kf7
33. a4 Rg3 34. Qf1 f3 35. Qe1 fxe2 36. Qxg3 Qf1+ 37. Kh2 e1=Q 38. Qc7+ Kg6
39. Qd6 Qg1# {White checkmated} 0-1

[Event "ICCopen2017"]
[Site "Internet Chess Club"]
[Date "2017.04.02"]
[Round "2"]
[White "vishweshk"]
[Black "gannikus1992"]
[Result "0-1"]
[ICCResult "White checkmated"]
[WhiteElo "1861"]
[BlackElo "2469"]
[Opening "Queen's pawn game"]
[ECO "A45"]
[NIC "QP.07"]
[Time "19:16:18"]
[TimeControl "180+0"]

1. d4 Nf6 2. e3 g6 3. Bd3 Bg7 4. Nf3 O-O 5. c3 c5 6. O-O d6 7. Re1 Nbd7 8.
e4 Qc7 9. Nbd2 e5 10. d5 Nh5 11. g4 Nf4 12. Bf1 h5 13. g5 f6 14. h4 fxg5 15.
Nxg5 Nf6 16. Nc4 Bh6 17. Bxf4 exf4 18. e5 dxe5 19. Nxe5 Bxg5 20. hxg5 Ng4
21. Nxg6 f3 22. d6 Qg7 23. Bc4+ Rf7 24. Bxf7+ Qxf7 25. Ne7+ Kg7 26. Nxc8 Qf4
27. Re7+ Kf8 28. Rf7+ Kxf7 29. Qd5+ Kg7 30. Kf1 Qh2 31. Ke1 Qxf2+ 32. Kd1
Ne3+ 33. Kc1 Qc2# {White checkmated} 0-1

[Event "ICCopen2017"]
[Site "Internet Chess Club"]
[Date "2017.04.02"]
[Round "2"]
[White "uptonjr"]
[Black "EduZeraib"]
[Result "1-0"]
[ICCResult "Black resigns"]
[WhiteElo "1767"]
[BlackElo "1402"]
[Opening "QGD Slav: 3.Nf3"]
[ECO "D11"]
[NIC "SL.01"]
[Time "19:16:03"]
[TimeControl "180+0"]

1. d4 d5 2. c4 c6 3. Nf3 Nf6 4. g3 e6 5. Bg2 Bb4+ 6. Bd2 Be7 7. O-O Nbd7 8.
Bg5 O-O 9. Nc3 dxc4 10. a4 a6 11. e3 Rb8 12. a5 b5 13. axb6 Qxb6 14. Na4 Qc7
15. Qc2 Nb6 16. Nxb6 Qxb6 17. Ne5 Bb7 18. Nxc4 Qc7 19. Bf4 Qc8 20. Bxb8 Qxb8
21. Ne5 Bd6 22. Nxc6 Bxc6 23. Qxc6 Rc8 24. Qxa6 Qxb2 25. Qxd6 Nd5 26. Rab1
Qc3 27. Rb8 h6 28. Bxd5 exd5 29. Rfb1 Rxb8 30. Rxb8+ Kh7 31. Qxd5 Qc1+ 32.
Kg2 Qc2 33. e4 Qc7 34. Qf5+ g6 35. Qc8 Qxc8 36. Rxc8 Kg7 37. Rc7 Kf6 38. f4
Ke6 39. d5+ Kd6 40. Rxf7 {Black resigns} 1-0

[Event "ICCopen2017"]
[Site "Internet Chess Club"]
[Date "2017.04.02"]
[Round "2"]
[White "NeNeOn"]
[Black "CIROVICZCHESS"]
[Result "1-0"]
[ICCResult "Black forfeits on time"]
[WhiteElo "1882"]
[BlackElo "1532"]
[Opening "Queen's pawn game"]
[ECO "E20"]
[NIC "QO.17"]
[Time "19:16:20"]
[TimeControl "180+0"]

1. d4 e6 2. c4 Nf6 3. Nc3 c5 4. g3 cxd4 5. Qxd4 Nc6 6. Qd3 Nb4 7. Qd1 Bc5 8.
a3 Qb6 9. Nh3 Ng4 10. e3 Nxe3 11. fxe3 Bd4 12. exd4 Qc6 13. d5 exd5 14. axb4
dxc4 15. Nd5 Kd8 16. Be2 d6 17. Nhf4 Re8 18. O-O g5 19. Nh5 Re5 20. Nhf6 Bh3
21. Re1 Rf5 22. Bf3 g4 23. Re8+ Qxe8 24. Nxe8 Rxf3 25. Qe2 Rf1+ 26. Qxf1
Bxf1 27. Nec7 Bd3 28. Nxa8 Kd7 29. Ra2 {Black forfeits on time} 1-0

[Event "ICCopen2017"]
[Site "Internet Chess Club"]
[Date "2017.04.02"]
[Round "2"]
[White "GolfPro"]
[Black "Ninjakiwi17"]
[Result "1/2-1/2"]
[ICCResult "Game drawn by mutual agreement"]
[WhiteElo "1865"]
[BlackElo "2360"]
[Opening "English: symmetrical, main line with d3"]
[ECO "A15"]
[NIC "EO.64"]
[Time "19:15:25"]
[TimeControl "180+0"]

1. c4 Nf6 2. Nf3 g6 3. Nc3 Bg7 4. d3 O-O 5. g3 c5 6. Bg2 Nc6 7. O-O d5 8.
cxd5 Nxd5 9. Bd2 Be6 10. Qc1 Rc8 11. Bh6 Qd7 12. Nxd5 Bxd5 13. Bxg7 Kxg7 14.
Qxc5 Bxf3 15. Bxf3 Nd4 16. Qe5+ f6 17. Qd5 Nxe2+ 18. Kg2 Qxd5 19. Bxd5 e5
20. Rfe1 Rc2 21. Bxb7 Rxb2 22. Bd5 Rc8 23. Bb3 Rc3 24. Rab1 Rxb1 25. Rxb1 a5
26. Bc4 Nd4 27. Rb7+ Kh6 28. h4 g5 29. Bg8 gxh4 30. gxh4 Kh5 31. Rxh7+ Kg4
32. Ra7 Rxd3 33. Rxa5 Nf5 34. Be6 Rd4 35. Bxf5+ Kxf5 36. h5 Rh4 37. Ra8 Rxh5
38. a4 Rg5+ 39. Kf3 Rg4 40. Ke3 Rf4 41. a5 Re4+ 42. Kd3 Ra4 43. a6 Ra3+ 44.
Ke2 Ra2+ 45. Kf3 Ra3+ 46. Kg2 Ra4 47. a7 Ra2 48. Kg3 Ra3+ 49. Kg2 Ra4 50.
Kf3 Ra3+ 51. Ke2 Ra4 52. Ke3 Ra2 {Game drawn by mutual agreement} 1/2-1/2

[Event "ICCopen2017"]
[Site "Internet Chess Club"]
[Date "2017.04.02"]
[Round "2"]
[White "giovana64"]
[Black "sanguine"]
[Result "1-0"]
[ICCResult "Black resigns"]
[WhiteElo "1628"]
[BlackElo "1026"]
[Opening "QGA: 3.Nf3"]
[ECO "D21"]
[NIC "QG.05"]
[Time "19:16:15"]
[TimeControl "180+0"]

1. d4 d5 2. c4 dxc4 3. Nf3 g6 4. e3 Bg7 5. Bxc4 Nf6 6. Nc3 O-O 7. O-O Nc6 8.
a3 Bf5 9. b4 e6 10. Bd3 Bg4 11. h3 Bh5 12. g4 Bxg4 13. hxg4 Nxg4 14. Ne4 f5
15. Neg5 Qe7 16. Qb3 Rae8 17. Bb2 h6 18. Nh3 Bf6 19. Nf4 Bh4 20. Nxg6 Qf6
21. Ngxh4 Qg7 22. Kh1 Rf6 23. Qc2 h5 24. Rg1 Rh6 25. d5 Qe7 26. dxe6 Qxe6
27. Bc4 {Black resigns} 1-0

[Event "ICCopen2017"]
[Site "Internet Chess Club"]
[Date "2017.04.02"]
[Round "2"]
[White "UnderArmour"]
[Black "SurferRosa"]
[Result "0-1"]
[ICCResult "White checkmated"]
[WhiteElo "1921"]
[BlackElo "2603"]
[Opening "French: Tarrasch"]
[ECO "C03"]
[NIC "FR.14"]
[Time "19:15:31"]
[TimeControl "180+0"]

1. e4 e6 2. d4 d5 3. Nd2 Be7 4. Ngf3 Nf6 5. e5 Nfd7 6. Bd3 c5 7. c3 b6 8.
Qe2 a5 9. a4 Ba6 10. Bb5 Qc8 11. O-O Nc6 12. Re1 O-O 13. Nf1 cxd4 14. cxd4
Nb4 15. Bg5 Bxg5 16. Nxg5 h6 17. Nf3 Bxb5 18. Qxb5 Ra7 19. Rac1 Rc7 20. Rxc7
Qxc7 21. Re3 Rc8 22. Rc3 Qd8 23. Ne3 Kh7 24. h4 Rc7 25. g3 Qc8 26. Nd1 Rc6
27. Ne1 Rc4 28. Rxc4 dxc4 29. Nc3 Qc7 30. Nf3 Nb8 31. Nd2 N8c6 32. Nxc4 Nxd4
33. Qxb6 Qxc4 34. Qb7 Ne2+ 35. Kh2 Nxc3 36. bxc3 Qxc3 37. Qe4+ g6 38. Qb7
Kg7 39. Qb8 Qf3 40. Qa7 Nd3 41. Kg1 Nxe5 42. Qd4 Qf6 43. Qc5 Nd3 44. Qxa5
Qxf2+ 45. Kh1 Qf3+ 46. Kh2 Nf2 47. Qe5+ Kh7 48. Qf4 Qh1# {White checkmated}
0-1

[Event "ICCopen2017"]
[Site "Internet Chess Club"]
[Date "2017.04.02"]
[Round "2"]
[White "Massada"]
[Black "beaupre"]
[Result "0-1"]
[ICCResult "White forfeits on time"]
[WhiteElo "1539"]
[BlackElo "1831"]
[Opening "Sicilian: accelerated fianchetto, Maróczy bind, 6.Be3"]
[ECO "B38"]
[NIC "SI.43"]
[Time "19:15:47"]
[TimeControl "180+0"]

1. e4 c5 2. Nf3 g6 3. d4 cxd4 4. Nxd4 Bg7 5. c4 Nc6 6. Be3 Nf6 7. Nc3 d6 8.
Be2 O-O 9. f3 Bd7 10. O-O a6 11. Nb3 Rc8 12. c5 Be6 13. cxd6 Bxb3 14. dxe7
Qxe7 15. Qxb3 b5 16. Rfd1 Na5 17. Nd5 Nxd5 18. Qxd5 Rfd8 19. Bc5 Rxd5 20.
Bxe7 Rxd1+ 21. Rxd1 Bxb2 22. Rd8+ Rxd8 23. Bxd8 Nc4 24. Kf2 Bd4+ 25. Ke1 Ne3
26. g3 Nc2+ 27. Kd2 Nb4 28. a3 Nc6 29. Bc7 Bc5 30. a4 bxa4 31. Bxa6 a3 32.
Bc4 Nb4 33. Be5 Kf8 34. Kc3 Ke7 35. Kb3 h5 36. Bc3 a2 37. Kb2 Nc6 38. Bxa2
f6 39. Kb3 Bg1 40. h3 Bh2 41. g4 hxg4 42. hxg4 Bf4 43. Bb4+ Kd7 44. Kc4 Ne5+
45. Kd5 Nxf3 {White forfeits on time} 0-1

[Event "ICCopen2017"]
[Site "Internet Chess Club"]
[Date "2017.04.02"]
[Round "2"]
[White "LiangLiang"]
[Black "nurmi"]
[Result "0-1"]
[ICCResult "White resigns"]
[WhiteElo "1842"]
[BlackElo "2375"]
[Opening "Sicilian: Kan, 5.Nc3"]
[ECO "B43"]
[NIC "SI.41"]
[Time "19:15:34"]
[TimeControl "180+0"]

1. e4 c5 2. Nf3 e6 3. d4 cxd4 4. Nxd4 a6 5. Nc3 Qc7 6. Bd3 Bc5 7. Be3 Nf6 8.
O-O Bd6 9. f4 e5 10. Nf5 exf4 11. Nxd6+ Qxd6 12. Bxf4 Qc5+ 13. Kh1 Nc6 14.
e5 Nd5 15. Nxd5 Qxd5 16. Re1 b5 17. a3 Bb7 18. Be4 Qxd1 19. Raxd1 O-O-O 20.
Bxc6 dxc6 21. Rd6 Rhe8 22. Red1 Rxd6 23. exd6 Kd7 24. Kg1 h5 25. Kf2 f6 26.
h4 Re4 27. g3 a5 28. Re1 c5 29. Rxe4 Bxe4 30. c3 g5 31. hxg5 fxg5 32. Bxg5
Kxd6 33. Ke3 Kd5 34. Be7 Bg6 35. Bd8 a4 36. Kd2 Kc4 37. Bg5 Kb3 38. Kc1 b4
39. cxb4 cxb4 40. axb4 Kxb4 41. Be7+ Kc4 42. Ba3 Kd5 43. Be7 Ke6 44. Bg5 Kf5
45. Bf4 Kg4 46. Kd2 h4 47. gxh4 Kxf4 48. Kc3 Kg4 49. Kb4 Bc2 50. Kc3 Bb3 51.
Kb4 Kxh4 52. Kc3 Kg3 53. Kb4 Kf2 54. Ka3 Ke2 55. Kb4 Kd2 56. Ka3 Kc2 57. Kb4
Kxb2 58. Kc5 a3 59. Kb4 a2 60. Kc5 a1=Q 61. Kd4 {White resigns} 0-1

[Event "ICCopen2017"]
[Site "Internet Chess Club"]
[Date "2017.04.02"]
[Round "2"]
[White "manusupergm2001"]
[Black "AreYouSerious"]
[Result "1-0"]
[ICCResult "Black resigns"]
[WhiteElo "2217"]
[BlackElo "1817"]
[Opening "Nimzovich-Larsen attack: classical variation"]
[ECO "A01"]
[NIC "VO.08"]
[Time "19:16:18"]
[TimeControl "180+0"]

1. b3 d5 2. Bb2 c6 3. e3 Nf6 4. Nf3 g6 5. c4 Bg7 6. d4 O-O 7. Bd3 Nbd7 8.
O-O Re8 9. Nbd2 h6 10. e4 dxe4 11. Nxe4 Nxe4 12. Bxe4 Nf6 13. Bc2 Bg4 14. h3
Bxf3 15. Qxf3 Qc7 16. Rad1 Rad8 17. Rfe1 Nh5 18. Ba1 e6 19. g4 Nf6 20. d5
Nh7 21. dxe6 Rxe6 22. Rxe6 Rxd1+ 23. Qxd1 fxe6 24. Bxg6 Ng5 25. Kg2 b6 26.
h4 Bxa1 27. Qxa1 Nf7 28. Qf6 b5 29. Qxe6 bxc4 30. Qxc4 Kg7 31. Qxf7+ Qxf7
32. Bxf7 Kxf7 33. Kf3 Kf6 34. Ke4 Ke6 35. f4 Kf6 36. g5+ hxg5 37. hxg5+ Kg6
38. Ke5 Kh5 39. Kf5 a5 40. g6 Kh6 41. Kf6 Kh5 42. g7 Kg4 43. f5 {Black
resigns} 1-0

[Event "ICCopen2017"]
[Site "Internet Chess Club"]
[Date "2017.04.02"]
[Round "2"]
[White "rencoroso"]
[Black "glokoll"]
[Result "1-0"]
[ICCResult "Black checkmated"]
[WhiteElo "2010"]
[BlackElo "1541"]
[Opening "Robatsch (modern) defense"]
[ECO "B06"]
[NIC "KF.05"]
[Time "19:17:24"]
[TimeControl "180+0"]

1. e4 g6 2. d4 Bg7 3. Be3 c5 4. Qd2 Nc6 5. Nf3 Qb6 6. c3 cxd4 7. Nxd4 Nxd4
8. Bxd4 Bxd4 9. cxd4 f6 10. Nc3 a6 11. Bc4 e6 12. Bb3 Ne7 13. O-O Kf7 14. d5
d6 15. dxe6+ Bxe6 16. Bxe6+ Kxe6 17. Rad1 Rad8 18. Nd5 Qc5 19. Qf4 Rhf8 20.
Rc1 Qd4 21. Rfd1 Qe5 22. Qh6 Rf7 23. Nc7+ Kd7 24. Qe3 Qxb2 25. Qd3 Qb6 26.
Nd5 Nc6 27. Nxb6+ Kc7 28. Nd5+ Kb8 29. Qb3 Ka8 30. Qb6 Rdd7 31. Rxc6 bxc6
32. Qxa6+ Ra7 33. Qxc6+ Rab7 34. Rb1 Ka7 35. Rxb7+ Rxb7 36. h3 Rb1+ 37. Kh2
Rb7 38. Qxd6 f5 39. exf5 gxf5 40. a3 h5 41. Nb4 Rb6 42. Qc7+ Rb7 43. Nc6+
Ka6 44. Qa5# {Black checkmated} 1-0

[Event "ICCopen2017"]
[Site "Internet Chess Club"]
[Date "2017.04.02"]
[Round "2"]
[White "mvillalba"]
[Black "Federicov"]
[Result "0-1"]
[ICCResult "White resigns"]
[WhiteElo "2181"]
[BlackElo "3091"]
[Opening "Queen's pawn game"]
[ECO "E10"]
[NIC "QI.01"]
[Time "19:17:04"]
[TimeControl "180+0"]

1. d4 Nf6 2. c4 e6 3. Nf3 d6 4. Nc3 g6 5. e4 Bg7 6. Bg5 h6 7. Bf4 O-O 8. Qd2
Kh7 9. Be2 Nc6 10. O-O Re8 11. d5 e5 12. Be3 Nd4 13. Nxd4 exd4 14. Bxd4 Nxe4
15. Nxe4 Rxe4 16. Bxg7 Kxg7 17. Bd3 Re8 18. Rae1 Bd7 19. Qc3+ Qf6 20. Qxf6+
Kxf6 21. f4 a5 22. Kf2 a4 23. Rxe8 Rxe8 24. Re1 Rxe1 25. Kxe1 Bf5 26. Be2
Bb1 27. a3 Kf5 28. g3 Ke4 29. Kd2 Kd4 30. Bd1 Kxc4 31. Bxa4 Be4 32. Be8 Bxd5
33. Kc2 Kd4 34. Kd2 c5 35. Bb5 Bc4 36. Be8 Be6 37. Ba4 d5 38. Bc2 c4 39. b4
c3+ 40. Ke2 Bg4+ 41. Ke1 Ke3 42. a4 d4 43. a5 d3 {White resigns} 0-1

[Event "ICCopen2017"]
[Site "Internet Chess Club"]
[Date "2017.04.02"]
[Round "2"]
[White "DGint"]
[Black "ShadowStorm"]
[Result "1-0"]
[ICCResult "Black checkmated"]
[WhiteElo "1752"]
[BlackElo "1388"]
[Opening "French: Rubinstein variation"]
[ECO "C10"]
[NIC "FR.07"]
[Time "19:16:03"]
[TimeControl "180+0"]

1. e4 e6 2. d4 d5 3. Nc3 dxe4 4. Nxe4 Nf6 5. Nxf6+ Qxf6 6. Nf3 Qd8 7. Bc4
Be7 8. O-O Nd7 9. d5 exd5 10. Bxd5 O-O 11. Bf4 Nf6 12. Bb3 Bg4 13. Qxd8 Bxd8
14. Ne5 c6 15. Nxg4 Nxg4 16. h3 Nf6 17. Rad1 Bb6 18. Rfe1 h6 19. Re7 Rae8
20. Rxb7 Re2 21. Be3 Ne4 22. Bxb6 axb6 23. Rdd7 Rxf2 24. Re7 Rf4 25. Rxb6
Rd8 26. Rxc6 Rd1+ 27. Kh2 Rd2 28. Rc8+ Kh7 29. Bxf7 Rff2 30. Bg8+ Kg6 31.
Rxe4 Rxg2+ 32. Kh1 Rh2+ 33. Kg1 Rhg2+ 34. Kf1 Rgf2+ 35. Ke1 Rh2 36. Rc6+ Kf5
37. Bh7+ Kg5 38. Rc5+ Kf6 39. Rc6+ Kg5 40. Rg6+ Kf5 41. Rg2+ Kf6 42. Rxd2
Rh1+ 43. Ke2 Rh2+ 44. Kd3 Rxh3+ 45. Kc4 Rh5 46. Rf2+ Rf5 47. Rxf5#
{Black checkmated}
1-0

[Event "ICCopen2017"]
[Site "Internet Chess Club"]
[Date "2017.04.02"]
[Round "2"]
[White "makingnosense"]
[Black "penguingm1"]
[Result "0-1"]
[ICCResult "White checkmated"]
[WhiteElo "2123"]
[BlackElo "2902"]
[Opening "Catalan: closed, 5.Nf3"]
[ECO "E06"]
[NIC "CA.05"]
[Time "19:15:24"]
[TimeControl "180+0"]

1. d4 d5 2. c4 e6 3. g3 Nf6 4. Bg2 Be7 5. Nf3 O-O 6. O-O dxc4 7. Qc2 a6 8.
a4 Bd7 9. Qxc4 Bc6 10. Bg5 Nbd7 11. Nbd2 Bd5 12. Qc2 c5 13. e4 Bc6 14. Bxf6
gxf6 15. d5 exd5 16. Nh4 d4 17. Nf5 Ne5 18. f4 Ng6 19. Qd1 Re8 20. Qh5 Bf8
21. g4 Qb6 22. Ra3 Qxb2 23. Rh3 h6 24. Nc4 Qc2 25. Ncd6 Re6 26. Nxf7 Kxf7
27. Nxh6+ Ke7 28. Qxg6 Bxe4 29. Ng8+ Kd7 30. Qf7+ Be7 31. Bxe4 Qxe4 32. f5
Rd6 33. g5 Rf8 34. Qg7 Rxg8 35. Qxg8 d3 36. Qb3 c4 37. Qc3 d2 38. Rd1 Qg4+
39. Kf2 Qxd1 40. gxf6 Qe1+ 41. Kg2 d1=Q 42. fxe7 Qde2# {White checkmated}
0-1

[Event "ICCopen2017"]
[Site "Internet Chess Club"]
[Date "2017.04.02"]
[Round "2"]
[White "vbtry3"]
[Black "Ajolote"]
[Result "0-1"]
[ICCResult "White forfeits on time"]
[WhiteElo "1733"]
[BlackElo "1473"]
[Opening "Sicilian defense"]
[ECO "B20"]
[NIC "SI.48"]
[Time "19:15:14"]
[TimeControl "180+0"]

1. e4 c5 2. a3 Nc6 3. b4 cxb4 4. axb4 Nxb4 5. d4 d5 6. c3 Nc6 7. e5 Bf5 8.
f4 e6 9. Ba3 Bxa3 10. Nxa3 Nge7 11. Nb5 O-O 12. Nd6 Qc7 13. Bd3 Bxd3 14.
Qxd3 Nf5 15. Nxf5 exf5 16. Qxf5 Nxd4 17. Qd3 Nc6 18. Nf3 f6 19. O-O Rad8 20.
e6 Rfe8 21. f5 Qb6+ 22. Kh1 Ne7 23. Nd4 Nc6 24. Rab1 Qc7 25. h3 Ne5 26. Qg3
b6 27. Nb5 Qb7 28. Ra1 a6 29. Nd4 Nc6 30. Rf4 Nxd4 31. cxd4 Rc8 32. Rg4 b5
33. Qh4 Kh8 34. Ra3 b4 35. Rag3 Rg8 36. Rg6 b3 37. Qh5 b2 38. R3g4 b1=Q+ 39.
Kh2 Qc7+ 40. Rg3 Qb3 41. Rg4 Qbxg3+ 42. Rxg3 a5 43. Kh1 Qxg3 44. Qd1 Rc3
{White forfeits on time}
0-1